 Dungeon Crawl Stone Soup version 0.17-a0-1635-gd4e48f1 (webtiles) character file.

30869 urechis the Brawler (level 13, -8/133 HPs)
             Began as a Troll Monk on Aug 4, 2015.
             Mangled by an ettin
             ... wielding a +1 dire flail of crushing
              (30 damage)
             ... on level 15 of the Dungeon.
             The game lasted 00:35:49 (12419 turns).

urechis the Brawler (Troll Monk)                   Turns: 12419, Time: 00:35:49

Health: -8/133     AC: 14    Str: 30    XL:     13   Next: 22%
Magic:  22/22      EV: 11    Int: 11    God:
Gold:   1282       SH: 11    Dex: 17    Spells: 0 memorised, 12 levels left

rFire  + . .     SeeInvis .       - Unarmed
rCold  + . .     Clarity  .     x - +2 robe {rC+ rF+}
rNeg   . . .     SustAt   .     X - +2 shield {AC+3}
rPois  .         Gourm    +     O - +3 hat of Pondering {ponderous, MR+ MP+10 Int+5}
rElec  .         Spirit   .     f - +0 cloak (curse)
rCorr  .         Warding  .     (gloves unavailable)
rMut   .         Stasis   .     (boots unavailable)
MR     ++...                    H - amulet of regeneration
Stlth  ++........               q - ring "Doutile" {MR+ Str+7}
                                c - +2 ring of dexterity

@: studying Dodging, slow, very resistant to hostile enchantments, unstealthy
A: unfitting armour, claws 3, fast metabolism 3, gourmand, regeneration 2,
shaggy fur 1, tough skin 2
a: no special abilities


You were on level 15 of the Dungeon.
You were full.

You visited 2 branches of the dungeon, and saw 21 of its levels.
You also visited: Ossuary.

You collected 1282 gold pieces.

Inventory:

Missiles
 S - 8 large rocks (quivered)
Armour
 f - a cursed +0 cloak (worn)
 x - a +2 robe of resistance (worn)
 O - the +3 hat of Pondering (worn) {ponderous, MR+ MP+10 Int+5}
   (You took it off Gastronok on level 12 of the Dungeon)

   It affects your intelligence (+5).
   It affects your resistance to hostile enchantments.
   It affects your magic capacity (+10).
 X - a +2 shield of protection (worn)
Jewellery
 c - a +2 ring of dexterity (left claw)
 q - the ring "Doutile" (right claw) {MR+ Str+7}
   (You found it on level 11 of the Dungeon)

   [ring of protection from magic]

   It affects your strength (+7).
   It affects your resistance to hostile enchantments.
 H - an amulet of regeneration (around neck)
 R - the ring "Ysiriun" {*Drain +Inv Int+6 SInv}
   (You found it on level 14 of the Dungeon)

   [ring of invisibility]

   It affects your intelligence (+6).
   It lets you see invisible.
   It lets you turn invisible.
   It causes draining when unequipped.
Magical devices
 t - a wand of fireball (6)
 K - a wand of digging (7)
 N - a wand of disintegration (19)
Scrolls
 h - 4 scrolls of enchant weapon
 i - 3 scrolls of immolation {unknown}
 m - 4 scrolls of blinking {unknown}
 n - 2 scrolls of magic mapping
 o - 6 scrolls of recharging
 r - 7 scrolls of enchant armour
 u - 6 scrolls of remove curse
 y - 4 scrolls of teleportation {unknown}
 E - 5 scrolls of noise
 G - 2 scrolls of fog {unknown}
 J - a scroll of summoning {unknown}
 L - 2 scrolls of fear {unknown}
 V - a scroll of brand weapon {unknown}
Potions
 a - 5 potions of lignification
 e - 3 potions of invisibility
 g - 2 potions of agility
 k - 11 potions of curing
 l - 2 potions of cancellation
 s - 2 potions of flight
 v - 2 potions of brilliance {unknown}
 w - 2 potions of poison {unknown}
 z - 3 potions of might {unknown}
 A - 3 potions of resistance {unknown}
 B - a potion of berserk rage
 C - a potion of cure mutation {unknown}
 D - 3 potions of heal wounds {unknown}
 F - 2 potions of ambrosia {unknown}
 Q - 2 potions of magic {unknown}
 T - 2 potions of haste {unknown}
Books
 I - a manual of Dodging
Comestibles
 b - 15 bread rations
 d - 4 beef jerkies
 j - 6 royal jellies
 p - 6 meat rations
 M - 19 fruits
 P - 2 slices of pizza


   Skills:
 - Level 10.0 Fighting
 + Level 12.5 Dodging
 - Level 1.1 Stealth
 * Level 1.9 Shields
 - Level 15.4 Unarmed Combat


You had 12 spell levels left.
You didn't know any spells.

Dungeon Overview and Level Annotations

Branches:
Dungeon (15/15)            Temple (0/1) D:7            Lair (6/8) D:9
 Shoals (0/4) Lair:3          Orc (0/4) D:12         Vaults (0/5) D:14
  Snake: Lair:3-6    Spider: Lair:3-6     Slime: Lair:6-8    Depths: D:15

Altars:
Elyvilon
Fedhas
Kikubaaqudgha
Makhleb
Okawaru
Qazlal
Ru
Zin
Beogh

Shops:
D:9 *   D:10 }   D:11 *

Annotations:
D:13 Azrael


Innate Abilities, Weirdness & Mutations

You are too large for most types of armour.
You have claws for hands.
Your metabolism is lightning-fast.
You like to eat raw meat.
You heal very quickly.
You are covered in fur (AC +1).
You have very tough skin (AC +2).


Message History

The ettin hits you with a dire flail of crushing!!
* * * LOW HITPOINT WARNING * * *
The ettin hits you with a dire flail!
* * * LOW HITPOINT WARNING * * *
Read which item? (? for menu, Esc to quit)
Okay, then.
You block the ettin's attack. x2
There is a stone staircase leading up here.
All of the chunks of flesh in your inventory have rotted away.
The ettin closely misses you. The ettin hits you with a dire flail!
* * * LOW HITPOINT WARNING * * *
Drink which item? (? for menu, Esc to quit)
Okay, then.
You block the ettin's attack. x2
The ettin hits you with a dire flail of crushing!!
* * * LOW HITPOINT WARNING * * *
x2 You block the ettin's attack.
There is a stone staircase leading up here.
The ettin hits you with a dire flail of crushing!!
You die...

#....#........# #....
#....####'##### #....
#...o##......#####....
#...o##.≈≈≈≈.#........
#.....#.≈≈≈≈.#........
#.....#.≈≈≈≈.######...
#....T#.≈≈≈≈.# #...
#..(.C#.≈≈≈≈.# #...
#....@#.≈≈≈≈.# #...
#.....# #<.. #.....#
#.## #.....# #...
#.....# #... #.....#
#... #.....# ####
#.....#


You could see an ettin, a deep troll, an orc priest and an orc.

Vanquished Creatures
  Gastronok (D:12)
  2 vault guards (D:14)
  The ghost of ololoev the Destroyer, a powerful DrAE of Elyvilon (D:11)
  2 centaur warriors
  A catoblepas (D:14)
  2 tengu warriors (D:15)
  An unseen horror (D:13)
  3 hill giants
  A wizard (D:14)
  An orc knight (D:13)
  2 cyclopes
  Pikel (D:4)
  A black mamba (Lair:4)
  An ugly thing (D:12)
  A manticore (D:15)
  2 necromancers (D:14)
  The ghost of wvc the Basher, an experienced TrGl of Jiyva (D:5)
  A yaktaur (D:14)
  A spiny frog (Lair:4)
  2 gargoyles
  2 komodo dragons
  A tengu conjurer (D:15)
  A freezing wraith (D:15)
  Grinder (D:4)
  A polar bear (shapeshifter) (D:14)
  2 slime creatures (D:15)
  A trapdoor spider (D:14)
  A water elemental (D:14)
  2 wyverns (D:13)
  3 deep elf magi
  3 hippogriffs
  16 humans (D:14)
  3 basilisks
  Eustachio (D:4)
  11 yaks
  A steam dragon (D:13)
  A mottled dragon (D:13)
  Menkaure (D:6)
  5 water moccasins
  4 porcupines
  A hell hound (D:12)
  Duvessa (D:6)
  2 necrophages
  2 ice beasts
  2 phantoms
  4 ogres
  11 orc warriors
  An eye of draining (D:12)
  3 boggarts (D:14)
  8 centaurs
  A crocodile (D:9)
  Blork the orc (D:4)
  2 big kobolds
  4 giant frogs
  Dowan (D:6)
  A scorpion (D:11)
  A wyvern skeleton (D:14)
  6 killer bees (D:8)
  4 wights (D:11)
  4 centaur skeletons
  6 crimson imps
  A giant frog zombie (D:12)
  4 jellies
  4 giant frog skeletons
  3 centaur zombies
  3 hounds
  6 orc priests
  12 orc wizards
  Terence (D:3)
  4 iguanas
  6 worker ants
  9 mummies
  2 worker ant zombies
  16 river rats
  8 adders
  7 gnolls
  3 shadow imps
  An ooze (D:3)
  3 adder skeletons
  8 worms
  2 giant geckos
  53 orcs
  3 ball pythons
  8 bats
  6 giant cockroaches
  10 goblins
  5 hobgoblins
  15 jackals
  9 kobolds
  4 quokkas
  3 giant newts
  A gnoll zombie (Ossuary)
  3 hobgoblin zombies (Ossuary)
  A kobold zombie (Ossuary)
  3 orc zombies (Ossuary)
  3 rats (D:1)
385 creatures vanquished.

Vanquished Creatures (others)
  A fungus (Lair:1)
  2 plants (D:9)
3 creatures vanquished.

Grand Total: 388 creatures vanquished

Notes
Turn   | Place    | Note
--------------------------------------------------------------
     0 | D:1      | urechis the Troll Monk began the quest for the Orb.
     0 | D:1      | Reached XP level 1. HP: 22/22 MP: 0/0
     6 | D:1      | Noticed a polar bear
     6 | D:1      | Noticed a killer bee
     7 | D:1      | Noticed a crocodile
     7 | D:1      | Noticed an anaconda
    82 | D:1      | Reached XP level 2. HP: 26/29 MP: 1/1
   835 | D:2      | Reached XP level 3. HP: 31/36 MP: 2/2
   933 | D:2      | Reached skill level 5 in Unarmed Combat
  1459 | D:3      | Reached XP level 4. HP: 42/44 MP: 3/3
  1460 | D:3      | Noticed Terence
  1476 | D:3      | Killed Terence
  1990 | D:3      | Reached XP level 5. HP: 53/53 MP: 4/4
  2271 | D:4      | Noticed an ogre
  2276 | D:4      | Killed an ogre
  2276 | D:4      | Reached skill level 6 in Unarmed Combat
  2289 | D:4      | Noticed Blork the orc
  2307 | D:4      | Killed Blork the orc
  2307 | D:4      | Reached XP level 6. HP: 55/62 MP: 5/5
  2500 | D:4      | Noticed an ogre
  2504 | D:4      | Killed an ogre
  2504 | D:4      | Reached skill level 7 in Unarmed Combat
  2518 | D:4      | Noticed Eustachio
  2564 | D:4      | Killed Eustachio
  2564 | D:4      | Reached XP level 7. HP: 57/71 MP: 6/6
  2622 | D:4      | Noticed Grinder
  2633 | D:4      | Killed Grinder
  2633 | D:4      | Reached skill level 8 in Unarmed Combat
  2703 | D:4      | Found an iron altar of Okawaru.
  2778 | D:4      | Found a blossoming altar of Fedhas.
  2778 | D:4      | Found a stormy altar of Qazlal.
  2951 | D:4      | Reached skill level 5 in Fighting
  2989 | D:4      | Noticed a slave
  2989 | D:4      | Noticed a slave
  2990 | D:4      | Noticed Pikel
  2992 | D:4      | Noticed a slave
  2992 | D:4      | Noticed a slave
  3024 | D:4      | HP: 3/72 [Pikel/whip of freezing (3)]
  3338 | D:4      | Killed Pikel
  3338 | D:4      | Reached skill level 9 in Unarmed Combat
  3338 | D:4      | Reached XP level 8. HP: 33/81 MP: 7/7
  3415 | D:5      | Entered Level 5 of the Dungeon
  3452 | D:5      | Found a burning altar of Makhleb.
  3453 | D:5      | Found an ancient bone altar of Kikubaaqudgha.
  3920 | D:5      | Noticed wvc's ghost (experienced TrGl)
  3930 | D:5      | Killed wvc's ghost
  3930 | D:5      | Reached skill level 10 in Unarmed Combat
  4176 | D:5      | Reached XP level 9. HP: 63/89 MP: 8/8
  4366 | D:6      | Noticed Duvessa
  4366 | D:6      | Noticed Dowan
  4386 | D:6      | Killed Duvessa
  4402 | D:6      | Killed Dowan
  4562 | D:6      | Noticed Menkaure
  4566 | D:6      | Killed Menkaure
  4566 | D:6      | Reached skill level 11 in Unarmed Combat
  4889 | D:7      | Found a sand-covered staircase.
  4896 | Ossuary  | Entered an ossuary
  5164 | D:7      | Found a glowing silver altar of Zin.
  5215 | D:7      | Found a staircase to the Ecumenical Temple.
  5680 | D:8      | Found a white marble altar of Elyvilon.
  5757 | D:8      | Reached skill level 12 in Unarmed Combat
  5829 | D:8      | Reached XP level 10. HP: 50/102 MP: 9/9
  6253 | D:9      | Found a staircase to the Lair.
  6294 | D:9      | Found a sacrificial altar of Ru.
  6423 | D:9      | Reached skill level 13 in Unarmed Combat
  6691 | D:9      | Found Nantaw's Serpentskin Sales.
  6740 | D:9      | Found a blossoming altar of Fedhas.
  6945 | D:10     | Entered Level 10 of the Dungeon
  7024 | D:10     | Found Cawun's Gadget Shoppe.
  7764 | D:11     | Noticed ololoev's ghost (powerful DrAE)
  7786 | D:11     | Killed ololoev's ghost
  7786 | D:11     | Reached skill level 14 in Unarmed Combat
  7786 | D:11     | Reached XP level 11. HP: 34/113 MP: 10/10
  8006 | D:11     | Found Wutewn's General Store.
  8158 | D:11     | Got a wavering lapis lazuli ring
  8241 | D:11     | Identified the ring "Doutile" {MR+ Str+7} (You found it on level 11 of the Dungeon)
  8656 | D:12     | Noticed a hill giant
  8849 | D:12     | Found a roughly hewn altar of Beogh.
  8849 | D:12     | Found a staircase to the Orcish Mines.
  9023 | D:12     | Noticed Gastronok
  9038 | D:12     | Killed Gastronok
  9038 | D:12     | Reached skill level 5 in Dodging
  9198 | D:12     | Killed a hill giant
  9245 | Lair:1   | Entered Level 1 of the Lair of Beasts
  9388 | Lair:3   | Found a staircase to the Shoals.
  9929 | D:13     | Noticed Azrael
 10328 | D:13     | Noticed a centaur warrior
 10331 | D:13     | Killed a centaur warrior
 10331 | D:13     | Reached XP level 12. HP: 126/126 MP: 11/11
 10460 | D:13     | Reached skill level 10 in Fighting
 10916 | D:14     | Got a shimmering lapis lazuli ring
 10936 | D:14     | Identified the ring "Ysiriun" {*Drain +Inv Int+6 SInv} (You found it on level 14 of the Dungeon)
 11023 | D:14     | Noticed a centaur warrior
 11033 | D:14     | Killed a centaur warrior
 11033 | D:14     | Reached skill level 10 in Dodging
 11357 | D:14     | Noticed a vault guard
 11408 | D:14     | Killed a vault guard
 11408 | D:14     | Reached skill level 15 in Unarmed Combat
 11450 | D:14     | Noticed a vault guard
 11468 | D:14     | Killed a vault guard
 11505 | D:14     | Found a gate to the Vaults.
 11668 | D:14     | Noticed a catoblepas
 11682 | D:14     | Killed a catoblepas
 11784 | D:14     | Reached XP level 13. HP: 133/133 MP: 12/12
 11844 | D:15     | Entered Level 15 of the Dungeon
 12189 | D:15     | Reached skill level 1 in Shields
 12419 | D:15     | Mangled by an ettin

Vault maps used:
D:1:      onia_arrival_zoo_common, serial_forest, infiniplex_forest_lined_2,
          infiniplex_forest_end_3, infiniplex_forest_zigzag_2,
          infiniplex_forest_lined_3_way, infiniplex_forest_lined_room_2,
          infiniplex_forest_clump_cross, infiniplex_forest_end_2
D:3:      st_stairs_8, uniq_terence
D:4:      grunt_temple_overflow_forces_of_nature, first_bread, okawaru_trees_2,
          uniq_pikel, uniq_eustachio, uniq_blork_the_orc, uniq_grinder
D:5:      gammafunk_temple_overflow_statue, kennysheep_windowed_goal
D:6:      uniq_menkaure, uniq_duvessa
D:7:      lemuel_round_altar, minmay_temple_entry_mist,
          gup_ossuary_entry_pyramid
D:8:      kennysheep_little_box
D:9:      nicolae_overflow_crystal_walls, minmay_lair_entry_grove,
          hangedman_tree_tricks, guppyfry_shop_venom
D:10:     serial_shops, shop_fountains, basic_loot_grate_trap
D:11:     serial_shops, shop
D:12:     david_orc_5, uniq_gastronok
D:13:     nrook_mini_vaults, kennysheep_generic_room_13, uniq_azrael
D:14:     grunt_vaults_entry_tiered, fountainhead
D:15:     hangedman_depths_entry_civil_slaughter, nrook_pool_corridor
Lair:1:   infiniplex_staircase_pool_2
Lair:3:   shoals_dummy_entry, serial_bayou_shore_a
Lair:4:   lemuel_fruit_fields
Lair:5:   uniq_kirke
Lair:6:   nicolae_spider_entry_tight_spaces, minmay_slime_entry_pillars,
          st_stairs_7, worms_lemuel
Ossuary:  ossuary_tomb_3

Action                   |  1- 3 |  4- 6 |  7- 9 | 10-12 | 13-15 || total
-------------------------+-------+-------+-------+-------+-------++-------
Melee: Unarmed           |   114 |   125 |   304 |   635 |    49 ||  1227
Evoke: Wand              |       |       |       |     2 |       ||     2
  Use: Scroll            |       |       |     8 |     5 |     1 ||    14
 Stab: Sleeping          |     2 |     1 |     3 |     3 |     1 ||    10
  Eat: Chunk             |    12 |    17 |    26 |    60 |     8 ||   123
